Map: [ESL] Oceanborn

Players

Scarlett - Winner!

  • Race: Zerg Zerg
  • Spawn Location: 5:00

Future

  • Race: Terran Terran
  • Spawn Location: 11:00

VOD

Have the link to the VOD?

Description

Time

  • Played on: May 3, 2024, 5:03 p.m.
  • Length: 27:27
Show
View Real Time Build Order
Export as new Build Order

Scarlett Zerg - Winner!

Build Orders: Hatch First, Lurkers 

Get SALT Encoding   

  12  0:00  Drone  
  13  0:12  Overlord  
  13  0:17  Drone  
  14  0:30  Drone x2  
  16  0:46  Hatchery  
  15  0:51  Drone  
  15  0:54  Drone  
  17  0:57  Drone  
  18  1:08  Extractor  
  17  1:12  Spawning Pool  
  17  1:15  Drone  
  17  1:19  Drone  
  18  1:27  Drone  
  19  1:39  Drone  
  20  1:50  Drone  
  21  1:59  Queen x2  
  21  2:00  Drone x2  
  27  2:09  Drone  
  27  2:11  Overlord  
  28  2:20  Hatchery  
  27  2:23  Zergling x2  
  28  2:31  Extractor  
  28  2:34  Spore Crawler  
  26  2:41  Queen  
  26  2:44  Overlord  
  30  2:45  Drone x3  
  33  2:54  Metabolic Boost  
  33  3:04  Drone x4  
  37  3:12  Drone x4  
  41  3:20  Queen  
  41  3:21  Overlord  
  41  3:22  Drone  
  44  3:32  Queen  
  44  3:33  Drone  
  47  3:37  Drone x3  
  47  3:39  Queen  
  52  3:48  Zergling x2  
  53  3:49  Zergling x4  
  53  3:51  Drone x3  
  55  4:06  Drone x5  
  58  4:14  Overlord  
  58  4:16  Overlord  
  58  4:20  Overlord x2  
  58  4:27  Overlord  
  57  4:34  Queen x2  
  57  4:36  Drone x3  
  64  4:39  Drone  
  64  4:40  Drone x3  
  64  4:43  Drone x3  
  71  4:46  Zergling x6  
  71  4:51  Lair  
  74  4:53  Drone x3  
  77  5:00  Extractor  
  77  5:01  Extractor  
  77  5:05  Drone  
  76  5:08  Drone x2  
  76  5:10  Spore Crawler  
  76  5:11  Drone  
  76  5:13  Extractor x2, Spore Crawler  
  75  5:14  Extractor  
  75  5:15  Hatchery, Drone x5  
  78  5:22  Drone x3  
  78  5:24  Drone  
  78  5:25  Evolution Chamber, Drone  
  78  5:26  Evolution Chamber  
  81  5:32  Overlord  
  81  5:35  Drone x2  
  83  5:44  Drone x7  
  83  5:48  Overlord x3  
  90  5:53  Zerg Ground Armor Level 1, Zerg Missile Weapons Level 1  
  90  5:54  Hydralisk Den  
  90  5:55  Drone  
  90  5:56  Drone  
  90  5:57  Drone  
  91  6:02  Overlord x2  
  91  6:06  Drone  
  92  6:12  Hatchery  
  91  6:19  Drone  
  91  6:24  Drone x9  
  101  6:27  Grooved Spines  
  101  6:29  Hydralisk x4  
  109  6:35  Hydralisk x2  
  112  6:40  Hydralisk x3  
  112  6:44  Hydralisk x2  
  122  6:48  Hydralisk x2  
  122  6:53  Hydralisk x3  
  132  6:56  Hydralisk x2  
  136  7:03  Hydralisk x3  
  136  7:07  Infestation Pit  
  138  7:09  Hydralisk x2  
  138  7:10  Overlord  
  138  7:13  Overlord x2  
  142  7:18  Muscular Augments  
  142  7:20  Overlord x2  
  142  7:24  Drone  
  143  7:31  Drone x3  
  143  7:32  Hydralisk x7  
  160  7:45  Infestor  
  160  7:49  Zergling x24  
  160  8:02  Hydralisk x6, Zergling x6  
  173  8:08  Drone x7  
  173  8:12  Extractor  
  179  8:13  Extractor  
  179  8:15  Hydralisk x3  
  184  8:27  Zerg Missile Weapons Level 2, Zerg Ground Armor Level 2  
  184  8:30  Drone x6  
  184  8:32  Overlord x2  
  185  8:50  Hive  
  185  8:51  Lurker Den  
  185  8:52  Drone x2  
  185  8:53  Baneling Nest  
  177  9:08  Hatchery  
  168  9:17  Infestor  
  168  9:20  Hydralisk x9  
  188  9:25  Zergling x22  
  181  9:41  Spore Crawler  
  181  9:42  Extractor  
  181  9:44  Extractor  
  181  9:45  Spore Crawler  
  177  9:46  Hatchery  
  177  9:49  Centrifugal Hooks  
  175  10:00  Viper x2  
  175  10:07  Seismic Spines  
  169  10:09  Hydralisk x2  
  169  10:10  Zergling x42  
  169  10:12  Adrenal Glands  
  193  10:28  Hatchery  
  184  10:47  Hydralisk  
  184  10:48  Zergling x54  
  195  11:03  Zerg Ground Armor Level 3, Spire, Zerg Melee Weapons Level 1  
  195  11:04  Adaptive Talons  
  190  11:07  Nydus Network  
  190  11:08  Overseer  
  189  11:16  Baneling x19  
  189  11:17  Lurker x5  
  194  11:28  Lurker  
  194  11:29  Lurker  
  196  11:37  Burrow  
  196  11:45  Zergling x8  
  199  11:47  Overseer x4  
  199  12:01  Pneumatized Carapace  
  193  12:12  Hatchery  
  176  12:22  Greater Spire  
  176  12:23  Zergling x2  
  176  12:24  Zergling x46  
  191  12:46  Overseer  
  191  12:50  Overseer  
  191  13:01  Nydus Canal  
  189  13:14  Hatchery  
  188  13:22  Nydus Canal  
  188  13:35  Infestor x2  
  188  13:41  Spore Crawler  
  191  13:55  Overseer  
  191  13:57  Nydus Canal  
  191  14:03  Extractor x2  
  187  14:12  Zerg Flyer Weapons Level 1  
  176  14:22  Nydus Canal  
  173  14:28  Spore Crawler, Drone x3  
  173  14:29  Spore Crawler  
  173  14:30  Spine Crawler  
  173  14:43  Corruptor x11  
  173  14:45  Overseer  
  183  15:14  Nydus Canal  
  182  15:24  Brood Lord x8  
  194  15:36  Brood Lord x2  
  194  15:40  Hatchery  
  197  15:51  Overseer x4  
  197  15:56  Extractor x2, Drone x3  
  196  15:57  Drone x3  
  199  16:07  Zerg Melee Weapons Level 2, Zerg Flyer Armor Level 1  
  199  16:08  Zerg Missile Weapons Level 3  
  195  16:53  Nydus Canal  
  195  16:56  Viper  
  193  17:16  Viper  
  193  17:17  Spore Crawler x3  
  193  17:30  Viper  
  193  17:32  Zergling x8  
  200  17:45  Extractor  
  200  17:46  Extractor, Spore Crawler  
  197  18:00  Zerg Flyer Weapons Level 2  
  194  18:37  Corruptor x9  
  191  19:02  Hydralisk x6  
  182  19:03  Zergling x34  
  182  19:08  Hatchery, Spawning Pool  
  185  19:11  Neural Parasite  
  185  19:12  Zerg Melee Weapons Level 3  
  185  19:15  Extractor  
  185  19:16  Extractor  
  171  19:21  Extractor  
  170  19:24  Zergling x2  
  170  19:25  Zergling x58  
  170  19:30  Nydus Canal  
  187  19:51  Nydus Canal  
  174  19:56  Zergling x56  
  173  20:12  Infestor  
  173  20:13  Infestor  
  177  20:15  Hydralisk x6  
  177  20:16  Zergling x14  
  177  20:17  Baneling x4  
  194  20:29  Hatchery  
  194  20:31  Baneling x21  
  186  20:53  Nydus Canal  
  171  21:26  Extractor  
  171  21:27  Zergling x4  
  172  21:44  Nydus Canal  
  145  22:02  Zergling x54  
  145  22:07  Hatchery  
  162  22:13  Infestor x4  
  151  22:23  Extractor  
  151  22:25  Zergling x24  
  162  22:30  Spire  
  162  22:32  Hydralisk Den  
  158  22:38  Nydus Network  
  150  22:48  Hydralisk x9  
  150  22:49  Zergling x10  
  150  22:51  Nydus Canal  
  159  23:01  Infestor  
  159  23:05  Hatchery  
  151  23:06  Hatchery  
  151  23:08  Hatchery  
  151  23:12  Corruptor x13  
  161  23:23  Nydus Canal  
  161  23:24  Drone  
  161  23:25  Overlord x2  
  161  23:26  Overlord  
  162  23:27  Zerg Flyer Weapons Level 3  
  162  23:44  Hatchery  
  162  23:46  Nydus Canal  
  161  23:49  Hatchery, Viper  
  161  23:50  Viper x2  
  161  23:54  Zergling x36  
  183  24:05  Zergling x12  
  183  24:08  Baneling x13  
  183  24:09  Zergling x12, Baneling x4  
  190  24:18  Zergling x20  
  190  24:24  Zergling x12  
  197  24:29  Hatchery, Infestor x4  
  193  24:34  Infestor, Overseer x6  
  183  24:40  Corruptor x3  
  183  24:41  Corruptor x6  
  147  25:03  Zergling x4  
  138  25:27  Zergling x24  
  138  25:29  Infestor x3  
  144  25:41  Drone x3  
  146  25:44  Drone x2  
  148  25:58  Brood Lord x14  
  174  26:06  Hatchery  
  173  26:12  Extractor  
  173  26:16  Drone x3  
  175  26:20  Baneling x16  
  175  26:22  Baneling x5  
  170  26:38  Nydus Canal  
  167  26:56  Drone x9  
Show
View Real Time Build Order
Export as new Build Order

Future Terran 

Build Orders: Reaper Expand 

Get SALT Encoding   

  12  0:00  SCV  
  13  0:12  SCV  
  14  0:17  Supply Depot  
  14  0:24  SCV  
  15  0:39  SCV  
  15  0:40  Barracks  
  16  0:43  Refinery  
  16  0:51  SCV  
  17  1:03  SCV  
  18  1:15  SCV  
  19  1:27  Orbital Command, Reaper  
  20  1:37  Command Center  
  20  1:45  Supply Depot  
  20  1:52  SCV  
  21  1:59  Marine  
  22  2:05  SCV  
  22  2:07  Factory  
  23  2:17  SCV  
  25  2:23  Barracks Reactor  
  25  2:29  SCV  
  25  2:41  SCV, Command Center  
  26  2:50  Orbital Command  
  26  2:53  SCV  
  27  3:02  Starport  
  27  3:05  SCV  
  28  3:07  Refinery  
  28  3:11  Hellion x2  
  32  3:14  Barracks Tech Lab  
  32  3:18  SCV  
  32  3:19  SCV  
  34  3:30  SCV  
  34  3:31  SCV  
  34  3:33  Hellion  
  34  3:34  Hellion  
  40  3:38  Viking  
  42  3:42  Marine  
  42  3:43  SCV x2  
  45  3:54  Stimpack  
  45  3:55  Orbital Command  
  45  3:56  SCV x2  
  45  4:03  Marine  
  45  4:04  Hellion x2  
  45  4:08  SCV x2  
  49  4:20  SCV  
  49  4:21  SCV, Supply Depot  
  49  4:23  SCV  
  52  4:27  Barracks  
  52  4:28  Barracks  
  52  4:30  Refinery  
  52  4:31  Refinery  
  52  4:33  SCV x2  
  52  4:34  Orbital Command, Factory Reactor  
  54  4:40  Starport Tech Lab, Marine  
  54  4:43  Supply Depot  
  54  4:45  SCV x2  
  57  4:57  SCV x2  
  57  4:58  Marine  
  60  5:02  Engineering Bay x2  
  60  5:04  SCV  
  61  5:07  Starport Reactor  
  61  5:09  SCV x2  
  61  5:10  Supply Depot  
  63  5:14  Marine x2  
  63  5:15  Marine  
  63  5:18  SCV  
  63  5:21  SCV x2, Marine x2  
  68  5:26  Siege Tank  
  68  5:28  Terran Infantry Weapons Level 1, Terran Infantry Armor Level 1  
  74  5:30  SCV  
  74  5:32  Supply Depot, Marine x2  
  74  5:33  SCV x2, Marine  
  80  5:39  Marine x2  
  80  5:41  Combat Shield  
  80  5:42  SCV  
  83  5:45  Supply Depot, SCV x2  
  83  5:47  Supply Depot  
  85  5:55  SCV, Marine x2  
  85  5:56  Marine x2  
  85  5:57  SCV x2, Marine  
  93  6:06  Medivac x2, Siege Tank  
  93  6:10  Supply Depot x2, SCV x3  
  103  6:15  Marine  
  103  6:16  Armory, Supply Depot, Marine x4  
  108  6:22  SCV  
  109  6:31  SCV x2  
  111  6:33  Marine  
  111  6:34  SCV, Marine x3  
  111  6:35  Barracks  
  111  6:36  Refinery, Supply Depot, Barracks  
  116  6:40  Siege Tank  
  116  6:46  Medivac x2, Marine  
  124  6:50  SCV  
  124  6:51  Marine x2  
  124  6:52  Refinery  
  124  6:54  Supply Depot  
  127  6:56  Marine  
  128  7:07  SCV x2  
  128  7:08  SCV  
  129  7:10  Marine x4  
  133  7:17  Siege Tank  
  133  7:20  Terran Vehicle Weapons Level 1  
  135  7:23  Command Center  
  135  7:24  Terran Infantry Weapons Level 2, Terran Infantry Armor Level 2  
  135  7:27  Barracks Reactor  
  135  7:29  Factory  
  135  7:34  Marine  
  135  7:35  Marine  
  135  7:36  Barracks Reactor  
  137  7:46  Barracks  
  137  7:47  Supply Depot, Barracks, Marine  
  137  7:48  Barracks  
  137  7:49  Siege Tank, Marine x2  
  143  7:51  Marine  
  135  8:01  Marine  
  135  8:05  Marine  
  135  8:06  SCV x2  
  135  8:07  SCV, Marauder, Marine  
  135  8:12  Sensor Tower  
  141  8:13  Factory Tech Lab  
  141  8:16  Supply Depot  
  141  8:17  Supply Depot  
  141  8:19  SCV x3  
  144  8:20  Sensor Tower  
  144  8:21  Siege Tank  
  147  8:27  Marine x5  
  147  8:29  Marauder  
  147  8:30  Supply Depot  
  147  8:31  Supply Depot  
  154  8:35  SCV x3  
  154  8:37  Siege Tank  
  160  8:44  Medivac x2  
  164  8:49  Barracks Tech Lab x3  
  164  8:53  Siege Tank, Marauder  
  162  9:05  Marine  
  162  9:09  Siege Tank  
  160  9:12  Marauder, Marine  
  160  9:13  Marauder, Marine  
  160  9:14  Marauder  
  165  9:20  Marine  
  165  9:22  Ghost Academy  
  166  9:25  Siege Tank  
  166  9:26  Planetary Fortress  
  168  9:35  Marauder  
  155  9:40  Refinery  
  155  9:41  Siege Tank, Marauder x3, Marine  
  155  9:42  Refinery  
  165  9:47  Medivac  
  165  9:49  SCV x3  
  168  9:57  Marauder  
  168  9:58  Siege Tank  
  173  10:01  SCV  
  173  10:02  Marauder  
  168  10:13  Siege Tank, Command Center  
  171  10:14  Ghost, Command Center  
  171  10:15  Marine  
  174  10:25  Command Center  
  174  10:26  Terran Infantry Weapons Level 3  
  174  10:28  Command Center  
  170  10:30  Siege Tank  
  173  10:39  Terran Infantry Armor Level 3  
  168  10:45  Siege Tank  
  161  10:57  Ghost x2  
  161  11:02  Siege Tank  
  166  11:05  Marauder x2, Marine x6  
  166  11:07  Terran Vehicle Weapons Level 2  
  166  11:11  SCV x3  
  179  11:12  SCV  
  179  11:18  Command Center  
  180  11:19  Command Center  
  180  11:26  Siege Tank, Marauder x2  
  180  11:27  Orbital Command  
  180  11:31  Orbital Command, Missile Turret  
  180  11:32  Missile Turret  
  187  11:36  Command Center  
  187  11:38  Missile Turret  
  187  11:39  Sensor Tower  
  187  11:43  Ghost, Missile Turret  
  187  11:44  Siege Tank, Ghost  
  194  11:47  Planetary Fortress  
  194  11:58  Missile Turret  
  194  12:01  Ghost  
  194  12:02  Ghost  
  194  12:05  Missile Turret  
  196  12:08  Siege Tank  
  187  12:16  Siege Tank  
  187  12:18  Planetary Fortress  
  187  12:19  Refinery  
  187  12:21  Refinery  
  191  12:28  Missile Turret  
  190  12:31  Orbital Command  
  190  12:33  Orbital Command  
  187  12:40  Viking  
  187  12:41  Viking  
  194  12:53  Ghost  
  194  12:56  Ghost x2  
  197  13:11  Command Center  
  197  13:13  Missile Turret  
  197  13:16  Missile Turret  
  197  13:20  Hi-Sec Auto Tracking, Neosteel Armor, Missile Turret  
  197  13:21  Command Center  
  197  13:22  Missile Turret x2  
  197  13:25  Factory x2  
  197  13:29  Starport  
  197  13:32  Fusion Core, Sensor Tower  
  197  13:36  Missile Turret  
  197  13:43  Widow Mine  
  197  13:56  Liberator  
  197  14:18  Factory Tech Lab, Factory Reactor  
  197  14:23  Starport Reactor, Advanced Ballistics  
  197  14:32  Command Center  
  197  14:33  Missile Turret  
  197  14:34  Missile Turret  
  197  14:35  Missile Turret  
  195  14:38  Planetary Fortress  
  195  14:41  Missile Turret  
  195  14:43  Liberator x2  
  183  15:11  Siege Tank x3, Command Center  
  183  15:12  Infernal Pre-Igniter  
  183  15:14  Hellion x2  
  196  15:34  Command Center  
  196  15:35  Liberator  
  194  15:49  Missile Turret  
  183  15:50  Missile Turret  
  178  16:01  Sensor Tower  
  178  16:02  Missile Turret x2  
  178  16:09  Thor x3  
  178  16:11  Hellion x2  
  198  16:16  Orbital Command  
  196  16:21  Viking  
  196  16:22  Viking  
  198  16:38  Viking x2  
  198  16:59  Orbital Command  
  196  17:13  Thor x3  
  198  17:19  Marauder  
  200  17:27  Missile Turret  
  200  17:28  Missile Turret  
  200  17:29  Missile Turret  
  200  17:33  Command Center  
  195  18:28  Ghost x2  
  186  18:52  Ghost  
  186  18:53  Ghost  
  190  18:56  Ghost x2  
  190  19:02  Personal Cloaking  
  181  19:07  Liberator x4  
  174  19:19  Siege Tank x3  
  174  19:21  Ghost x2  
  187  19:25  Ghost x2  
  191  19:40  Orbital Command  
  191  19:49  Ghost  
  193  20:05  Ghost x3  
  181  20:08  Thor x2  
  175  20:14  Refinery  
  175  20:18  Siege Tank x2  
  175  20:19  Siege Tank  
  184  20:22  Liberator  
  184  20:23  Ghost, Liberator x3  
  198  20:45  Armory  
  195  21:00  Ghost x2  
  199  21:19  Missile Turret  
  199  21:22  Missile Turret  
  193  21:59  Ghost  
  193  22:00  Ghost x3  
  182  22:04  Siege Tank x3  
  172  22:23  Hellion x2  
  172  22:28  Ghost x2  
  180  22:35  Liberator x2  
  180  22:36  Ghost, Siege Tank x3, Liberator x2  
  182  22:45  Command Center  
  182  22:46  Command Center  
  169  23:03  Orbital Command  
  169  23:11  Orbital Command  
  165  23:13  Ghost  
  165  23:14  Ghost x2  
  165  23:15  Ghost  
  165  23:18  Siege Tank  
  174  23:36  Supply Depot x2  
  174  23:38  Supply Depot  
  174  23:42  Supply Depot  
  174  23:56  Ghost  
  176  24:21  Orbital Command  
  176  24:22  Orbital Command  
  168  24:49  Ghost x2  
  168  24:50  Ghost, Marine  
  140  24:59  Ghost  
  77  25:07  Hellion  
  77  25:08  Hellion x4  
  82  25:18  Ghost x3  
  81  25:29  Hellion x2  
  81  25:30  Hellion x3  
  88  25:50  Hellion  
  88  25:51  Hellion  
  91  26:27  Orbital Command  
  91  26:59  Hellion x4  
Tags
 
Add a new tag
Caveats
  • Supply blocks, unpowered buildings, or Contaminate may cause inaccurate times.
  • Supply counts are checked every 10 seconds.